Map: Eternal Empire LE

Players

ChaZer

  • Race: Terran Terran
  • Spawn Location: 7:00

ViBE - Winner!

  • Race: Zerg Zerg
  • League: Bronze
  • Spawn Location: 1:00

VOD

Have the link to the VOD?

Description

Time

  • Played on: Dec. 4, 2019, 6:03 p.m.
  • Length: 22:51
Show
View Real Time Build Order
Export as new Build Order

ChaZer Terran 

Build Orders:  

Get SALT Encoding   

  12  0:02  SCV  
  13  0:14  SCV  
  14  0:25  Supply Depot  
  14  0:26  SCV  
  15  0:39  Refinery  
  15  0:46  SCV  
  16  0:51  Barracks  
  16  1:00  SCV  
  17  1:12  SCV  
  18  1:21  Refinery  
  18  1:24  SCV  
  19  1:37  SCV  
  20  1:40  Supply Depot  
  20  1:49  SCV  
  20  1:51  Barracks Tech Lab  
  21  2:01  SCV  
  22  2:03  Engineering Bay  
  22  2:13  SCV  
  23  2:25  SCV  
  24  2:30  Factory  
  24  2:34  Reaper  
  25  2:37  SCV  
  26  2:51  Command Center  
  26  3:06  Marine  
  27  3:17  Missile Turret  
  27  3:24  Marine  
  28  3:39  Combat Shield  
  28  3:42  Marine  
  29  4:00  Marine  
  29  4:16  Factory Tech Lab  
  29  4:17  Marine  
  29  4:22  Terran Infantry Weapons Level 1, Armory  
  30  4:25  Orbital Command  
  30  4:31  Supply Depot  
  30  4:35  Marine  
  31  4:39  Siege Tank  
  34  4:53  Marine  
  34  4:57  SCV  
  34  4:58  Stimpack  
  36  5:02  SCV  
  37  5:09  SCV  
  37  5:11  Siege Tank  
  41  5:17  Refinery  
  41  5:19  Sensor Tower  
  41  5:21  SCV  
  41  5:27  Marauder  
  44  5:33  SCV  
  45  5:38  SCV  
  46  5:43  Starport  
  46  5:45  SCV  
  46  5:48  Marauder  
  46  5:49  Refinery  
  49  5:50  SCV  
  49  5:54  Siege Tank  
  53  5:58  Drilling Claws, SCV  
  54  6:09  Marine  
  55  6:16  Terran Infantry Armor Level 1  
  55  6:24  Starport Tech Lab  
  55  6:26  Hellion  
  55  6:27  Marine  
  58  6:41  SCV  
  58  6:45  Marine  
  58  6:47  Medivac  
  62  6:54  Hellion, SCV  
  65  7:02  Marine  
  65  7:03  Supply Depot  
  65  7:06  Fusion Core, SCV  
  65  7:07  Terran Vehicle And Ship Armor Level 1  
  67  7:12  Concussive Shells  
  67  7:16  Hellion  
  67  7:18  SCV  
  70  7:24  Medivac, Marine  
  73  7:31  SCV  
  74  7:37  Hellion  
  74  7:39  Command Center  
  74  7:43  SCV  
  77  7:55  SCV  
  77  7:56  Weapon Refit  
  78  8:04  Supply Depot  
  78  8:11  Medivac, Hi-Sec Auto Tracking, SCV  
  81  8:27  Supply Depot  
  75  8:39  Marine  
  76  8:41  Battlecruiser  
  76  8:45  Siege Tank  
  85  8:57  Marine  
  86  9:14  Refinery  
  86  9:15  Marine  
  87  9:17  Siege Tank, Barracks  
  87  9:19  Refinery  
  90  9:33  Marine  
  91  9:44  SCV  
  92  9:46  Battlecruiser  
  92  9:49  Siege Tank  
  92  9:50  Marine  
  102  9:56  SCV  
  102  9:57  SCV  
  104  10:08  Barracks Reactor, SCV  
  104  10:09  Marauder, SCV  
  108  10:20  SCV  
  104  10:22  SCV  
  100  10:30  Marauder  
  100  10:33  SCV  
  100  10:34  SCV  
  103  10:46  SCV  
  103  10:49  Siege Tank  
  107  10:50  Battlecruiser  
  107  10:51  Marine  
  114  11:01  Missile Turret  
  114  11:04  Missile Turret  
  114  11:09  Marine  
  115  11:21  Siege Tank  
  115  11:25  Missile Turret  
  118  11:27  Marine  
  118  11:29  SCV  
  120  11:41  SCV  
  120  11:43  Terran Infantry Weapons Level 2  
  120  11:44  Marine  
  120  11:46  Rapid Reignition System  
  122  11:48  Terran Vehicle And Ship Armor Level 2  
  122  11:53  SCV  
  123  11:57  Sensor Tower  
  123  12:05  SCV  
  124  12:17  Supply Depot  
  124  12:39  Siege Tank, Battlecruiser  
  124  12:40  Supply Depot  
  124  12:41  Starport  
  133  12:48  Orbital Command  
  133  12:50  Orbital Command  
  133  13:03  Advanced Ballistics  
  133  13:06  Infernal Pre-Igniter  
  133  13:11  Cyclone  
  101  13:41  Marine x2  
  101  13:42  Marine  
  101  13:43  Cyclone  
  99  13:53  Command Center  
  99  13:59  Refinery, Marine x3  
  99  14:02  Starport Tech Lab  
  102  14:15  Cyclone  
  105  14:17  Marine x3  
  105  14:21  Battlecruiser  
  114  14:25  Medivac  
  114  14:29  Command Center  
  116  14:39  Supply Depot  
  116  14:55  Medivac  
  118  15:01  SCV  
  119  15:13  SCV  
  120  15:20  Cyclone  
  123  15:25  Battlecruiser, Marine  
  123  15:26  Marine x2, SCV  
  133  15:35  Terran Infantry Armor Level 2  
  133  15:37  Cloaking Field  
  133  15:38  SCV  
  134  15:42  Refinery  
  134  15:43  Marine x2  
  134  15:44  Marauder  
  134  15:48  Factory  
  138  15:50  SCV  
  138  15:52  Cyclone, SCV  
  138  15:56  SCV  
  144  15:59  Missile Turret  
  144  16:01  Marine x2  
  146  16:04  SCV  
  146  16:05  Marauder  
  146  16:08  SCV  
  150  16:14  Sensor Tower  
  150  16:16  SCV  
  151  16:19  Marine  
  151  16:20  SCV  
  151  16:24  Cyclone  
  151  16:25  Supply Depot  
  156  16:29  SCV  
  156  16:32  SCV  
  158  16:37  Battlecruiser  
  164  16:41  SCV, Terran Vehicle And Ship Armor Level 3  
  164  16:44  Viking  
  167  16:53  SCV  
  168  16:56  Cyclone  
  168  17:01  Refinery  
  171  17:05  SCV  
  172  17:14  Viking  
  174  17:17  SCV  
  175  17:28  Siege Tank  
  175  17:29  SCV  
  179  17:33  Missile Turret  
  179  17:41  SCV  
  179  17:42  Battlecruiser  
  186  17:44  Viking  
  188  17:53  SCV  
  188  17:56  Factory Tech Lab  
  188  17:57  Command Center  
  189  17:59  Marine  
  189  18:00  Siege Tank, Marine x2  
  185  18:14  Viking  
  185  18:17  Marine x2  
  185  18:18  Marauder  
  142  18:32  Cyclone  
  133  18:34  Cyclone  
  133  18:38  Marine x2  
  133  18:40  Marauder  
  125  18:46  Battlecruiser  
  115  18:56  Marine x2  
  115  18:58  Viking  
  115  19:00  Marine  
  120  19:06  Cyclone  
  117  19:13  Marine  
  116  19:19  Marauder  
  118  19:26  Marine  
  118  19:28  Viking  
  121  19:31  Marine  
  121  19:34  Command Center  
  125  19:38  Cyclone  
  125  19:40  Marauder  
  125  19:42  Factory Tech Lab  
  125  19:44  Marine  
  128  19:49  Marine  
  128  19:50  Battlecruiser  
  135  19:58  Viking  
  137  20:02  Marauder, Marine  
  140  20:07  Marine  
  140  20:09  SCV  
  142  20:20  Marine  
  143  20:21  SCV  
  143  20:23  Marauder  
  143  20:25  Marine  
  143  20:28  Viking  
  149  20:33  SCV  
  150  20:38  Marine  
  151  20:44  Marauder  
  151  20:45  SCV  
  154  20:54  Medivac  
  156  20:57  SCV  
  156  20:58  Viking  
  128  21:06  Marauder  
  84  21:24  Medivac  
  67  21:28  Viking  
  55  21:36  SCV  
  40  21:48  SCV  
  35  21:54  Medivac  
  35  21:58  Viking  
  37  22:00  SCV  
  37  22:13  SCV  
  37  22:25  SCV  
Show
View Real Time Build Order
Export as new Build Order

ViBE Zerg - Winner!

Build Orders: Hatch First 

Get SALT Encoding   

  12  0:00  Drone  
  13  0:13  Overlord  
  13  0:18  Drone  
  14  0:32  Drone x2  
  16  0:35  Drone  
  17  0:54  Hatchery  
  16  0:57  Drone  
  16  1:03  Drone  
  18  1:17  Spawning Pool  
  18  1:18  Drone  
  18  1:24  Drone  
  19  1:29  Drone  
  20  1:35  Extractor  
  19  1:43  Drone  
  20  2:04  Queen  
  20  2:06  Drone x2  
  20  2:07  Queen, Drone  
  27  2:14  Drone  
  28  2:21  Overlord  
  28  2:41  Drone x4  
  32  2:47  Drone  
  32  2:48  Lair  
  32  2:49  Queen  
  35  2:55  Overlord  
  35  2:58  Drone  
  35  3:01  Overlord  
  36  3:12  Overlord  
  36  3:15  Drone  
  36  3:16  Drone  
  36  3:17  Drone x2  
  36  3:18  Drone x3  
  36  3:19  Drone  
  44  3:26  Roach Warren  
  43  3:29  Evolution Chamber  
  43  3:30  Drone x2  
  43  3:31  Extractor  
  43  3:32  Extractor  
  42  3:39  Drone  
  43  3:43  Drone  
  44  3:50  Drone x2  
  44  3:51  Drone x2  
  48  4:05  Overlord x2  
  48  4:07  Roach x2  
  52  4:19  Hatchery  
  51  4:25  Drone x9  
  60  4:34  Drone  
  61  4:39  Roach  
  63  4:46  Zerg Missile Weapons Level 1  
  63  4:47  Glial Reconstitution  
  63  4:54  Roach x5  
  63  4:58  Overlord x4  
  73  5:00  Overlord  
  73  5:16  Drone x3  
  73  5:20  Drone  
  77  5:27  Drone x5  
  82  5:29  Drone  
  82  5:33  Drone  
  82  5:35  Drone  
  85  5:56  Drone  
  88  5:57  Drone x10  
  96  6:08  Overlord x2  
  96  6:09  Overlord  
  96  6:19  Hatchery  
  95  6:38  Roach x8  
  95  6:39  Roach x5  
  121  6:43  Extractor  
  121  6:44  Extractor  
  119  6:47  Hydralisk Den  
  118  6:54  Evolution Chamber  
  117  7:14  Overlord  
  117  7:15  Overlord x5  
  117  7:17  Hydralisk x9  
  117  7:18  Hatchery  
  117  7:20  Hydralisk  
  117  7:21  Extractor  
  135  7:31  Hydralisk x2  
  135  7:36  Hydralisk x3  
  145  7:39  Hydralisk x4  
  153  7:47  Hydralisk x2  
  157  8:31  Drone  
  157  8:32  Drone x12  
  157  8:33  Drone x3  
  157  8:34  Drone x2  
  175  8:53  Extractor  
  175  8:55  Extractor  
  173  9:04  Hydralisk x13  
  89  10:38  Zerg Missile Weapons Level 2  
  89  10:39  Zerg Ground Armor Level 1  
  89  10:40  Hydralisk  
  89  10:41  Hydralisk x30  
  89  10:42  Hydralisk x3  
  157  11:14  Infestation Pit  
  157  11:16  Spire  
  155  11:35  Hatchery  
  155  11:39  Grooved Spines  
  154  11:43  Hydralisk  
  154  11:44  Hydralisk x18  
  154  11:46  Roach x2  
  196  11:47  Roach  
  196  11:48  Roach  
  196  11:49  Unknown  
  199  11:56  Drone  
  200  12:05  Hive  
  200  12:09  Hatchery  
  199  12:23  Drone  
  200  12:50  Muscular Augments  
  200  13:25  Greater Spire  
  186  13:28  Metabolic Boost  
  102  13:41  Hatchery x2  
  102  13:43  Hatchery x2  
  82  13:50  Drone x8  
  82  13:51  Drone  
  91  14:03  Corruptor x9  
  91  14:04  Corruptor x3  
  115  14:15  Zerg Melee Weapons Level 1  
  115  14:19  Hydralisk  
  115  14:20  Hydralisk x26  
  169  14:56  Extractor  
  169  14:57  Extractor  
  167  15:24  Brood Lord x11  
  167  15:25  Brood Lord  
  191  15:37  Roach  
  191  15:38  Roach x3  
  191  15:40  Drone  
  200  17:32  Zerg Flyer Armor Level 1  
  200  17:34  Zerg Ground Armor Level 2  
  200  17:41  Zerg Missile Weapons Level 3  
  138  18:39  Hydralisk  
  138  18:40  Hydralisk x29  
  138  18:41  Hydralisk  
  200  18:53  Hatchery  
  187  18:58  Hatchery  
  150  19:45  Hydralisk x3  
  150  19:46  Hydralisk x22  
  200  20:09  Zerg Ground Armor Level 3  
  200  20:11  Zerg Flyer Armor Level 2  
  200  20:24  Extractor  
  199  20:29  Extractor  
  198  20:49  Hydralisk  
  200  21:03  Hydralisk x13  
  198  21:04  Hydralisk x2  
  198  21:05  Hydralisk x2  
  198  21:06  Hydralisk x3  
  198  21:07  Hydralisk x2  
  198  21:08  Hydralisk x2  
  198  21:09  Hydralisk  
  198  21:10  Hydralisk x3, Hatchery  
  199  21:11  Hydralisk  
  199  21:13  Hydralisk, Drone  
  199  21:14  Hydralisk x4  
  199  21:15  Hydralisk x2  
  194  21:34  Unknown  
  194  21:35  Drone x3  
  194  21:36  Drone  
  194  21:38  Drone  
  194  21:39  Hydralisk x4  
Tags
 
League
Bronze
Matchup
TvZ
Spawn Locations
Cross Positions
Add a new tag
Caveats
  • Supply blocks, unpowered buildings, or Contaminate may cause inaccurate times.
  • Supply counts are checked every 10 seconds.